AoeStats
← fornies03

Arena

509971304Analyzed
1v1 RM · 4d ago on Sep 28, 2026· 133m 57s· 2 players
Game mode
Random Map
Map size
Tiny (2 player)
Population
200
Speed
Normal
Resources
Standard
Victory
Conquest
Starting age
Dark Age
Ending age
Imperial Age
RankedLock teamsTeams togetherTeam positionsShared explorationLock speedFull tech treeHidden civsTurbo modeCheats
Victory
Defeat
🇪🇸 Britons · Spain
512
+12
🇺🇸 Teutons · United States
422
-12
xXKubanViperXx
13:03 Feudal Age
13:50 Double-Bit Axe
20:25 Castle Age
18:10 Horse Collar
19:38 Gold Mining
19:39 Stone Mining
22:25 Stone Shaft Mining
29:43 Imperial Age
27:58 Heavy Plow
29:27 Wheelbarrow
28:49 Elite Skirmisher
30:37 Ballistics
30:30 Padded Archer Armor
30:21 Fletching
31:32 Squires
31:19 Gambesons
32:07 Bow Saw
34:34 Two-Man Saw
33:57 Pikeman
35:29 Hand Cart
35:51 Conscription
36:06 Halberdier
37:09 Leather Archer Armor
36:50 Bodkin Arrow
36:55 Scale Mail Armor
38:15 Ironclad
39:25 Chemistry
39:56 Cavalier
40:46 Bloodlines
41:30 Crenellations
44:55 Ring Archer Armor
44:42 Chain Mail Armor
44:37 Forging
44:33 Scale Barding Armor
46:52 Crop Rotation
46:33 Elite Teutonic Knight
47:55 Plate Mail Armor
47:43 Arson
48:17 Loom
49:16 Iron Casting
49:11 Guilds
51:23 Paladin
56:43 Chain Barding Armor
57:24 Blast Furnace
95:40 Siege Engineers
101:19 Plate Barding Armor
113:09 Heavy Mounted Crossbowman
fornies03
2:13 Loom
13:14 Feudal Age
14:43 Wheelbarrow
13:51 Horse Collar
14:03 Gold Mining
14:10 Double-Bit Axe
14:27 Stone Mining
21:45 Fletching
22:05 Forging
21:56 Scale Mail Armor
21:56 Padded Archer Armor
21:51 Town Watch
25:53 Castle Age
27:31 Hand Cart
27:16 Town Patrol
27:55 Gold Shaft Mining
26:42 Elite Skirmisher
27:34 Bow Saw
27:36 Heavy Plow
27:02 Pikeman
27:42 Squires
30:03 Iron Casting
29:43 Chain Mail Armor
29:44 Leather Archer Armor
29:55 Man-at-Arms
30:20 Gambesons
30:21 Arson
33:10 Chain Mail Armor
32:51 Bodkin Arrow
35:11 Ballistics
34:41 Guard Tower
35:01 Fortified Wall
34:47 Murder Holes
36:47 Yeomen
36:12 Treadmill Crane
36:42 Masonry
35:55 Crossbowman
35:57 Long Swordsman
42:59 Imperial Age
44:53 Chemistry
43:39 Arrowslits
44:29 Keep
44:25 Architecture
44:00 Siege Engineers
44:28 Ring Archer Armor
43:58 Bracer
44:29 Plate Mail Armor
44:59 Blast Furnace
44:37 Hoardings
44:24 Conscription
45:54 Two-Man Saw
44:36 Arbalester
45:55 Halberdier
46:11 Elite Longbowman
49:39 Warwolf
49:16 Capped Ram
49:29 Two-Handed Swordsman
57:24 Onager
Connection lost

Rejoining the realm…

Still unreachable

The connection could not be restored.

Session expired

The server has moved on; the page needs a fresh start.